 Dungeon Crawl Stone Soup version 0.25-a0-634-gd1561dc703 (webtiles) character file.

Game seed: 10870833694544707420, levelgen mode: deterministic

46 DasRunzen the Ducker (level 3, -8/28 HPs)
             Began as a Demonspawn Gladiator on Mar 20, 2020.
             Mangled by an orc
             ... wielding a +0 flail
              (9 damage)
             ... on level 3 of the Dungeon.
             The game lasted 00:03:35 (1945 turns).

DasRunzen the Ducker (Demonspawn Gladiator)         Turns: 1945, Time: 00:03:35

Health: -8/28      AC:  4    Str: 14    XL:     3   Next: 44%
Magic:  3/3        EV: 10    Int: 10    God:
Gold:   58         SH:  7    Dex: 14    Spells: 2/2 levels left

rFire    . . .     SeeInvis .   a - +0 long sword
rCold    . . .     Gourm    .   i - +0 kite shield
rNeg     . . .     Faith    .   b - +0 leather armour
rPois    .         Spirit   .   c - +0 helmet
rElec    .         Reflect  .   (no cloak)
rCorr    .         Harm     .   (no gloves)
MR       .....                  (no boots)
Stlth    +.........             (no amulet)
HPRegen  0.09/turn              (no ring)
MPRegen  0.08/turn              (no ring)

@: no status effects
A: demonic guardian 1
a: no special abilities


You were on level 3 of the Dungeon.
You were very hungry.

You visited 1 branch of the dungeon, and saw 3 of its levels.

You collected 58 gold pieces.

Inventory:

Hand Weapons
 a - a +0 long sword (weapon)
Missiles
 d - 3 throwing nets (quivered)
Armour
 b - a +0 leather armour (worn)
 c - a +0 helmet (worn)
 i - a +0 kite shield (worn)
Scrolls
 h - a scroll of teleportation
 j - a scroll of amnesia
 o - a scroll of identify
 p - a scroll of enchant armour {unknown}
Potions
 e - 2 potions of resistance {unknown}
 g - 4 potions of heal wounds
 k - a potion of haste
 l - a potion of curing {unknown}
 m - a potion of flight {unknown}
 n - a potion of stabbing {unknown}
 q - a potion of berserk rage {unknown}
Comestibles
 f - 5 rations


   Skills:
 + Level 2.5 Fighting
 + Level 3.1 Long Blades
 - Level 1.7 Throwing
 + Level 1.1 Armour
 + Level 3.1 Dodging
 + Level 0.1 Shields


You had 2 spell levels left.
You didn't know any spells.
Your spell library was empty.

Dungeon Overview and Level Annotations

Branches:
Dungeon (3/15)

Altars:


Innate Abilities, Weirdness & Mutations

A weak demonic guardian rushes to your aid.


Message History

You completely miss the orc. The orc hits you with a +0 flail!
* * * LOW HITPOINT WARNING * * *
You closely miss the orc. The orc closely misses you.
You barely miss the orc. You block the orc's attack.
You hit the orc but do no damage. You block the orc's attack.
Your shield prevents you from hitting the orc.
You block the orc's attack.
You hit the orc.
The orc is moderately wounded.
The orc hits you with a +0 flail.
* * * LOW HITPOINT WARNING * * *
Your shield and leather armour prevent you from hitting the orc.
The orc is moderately wounded.
The orc barely misses you.
You hit the orc.
The orc is almost dead.
The orc hits you with a +0 flail.
* * * LOW HITPOINT WARNING * * *
The orc hits you with a +0 flail!
You die...

#......# #(.###.###.#
#......# #.## #..##.#
#......# ######.# #...#..
##......###......# ###.#..
.....(.........### ##....
........###....#######.....
.####.#........##.....(##.#
#.######......#########
#....o@.....### ##
.......######..#########.
....... ##........##.
....... ########....
....o.< ####. ....... #.
####### ##


You could see an orc.

Vanquished Creatures
  2 oozes (D:2)
  A worm (D:3)
  A dart slug (D:2)
  3 orcs
  2 giant cockroaches
  4 goblins
  4 hobgoblins
  4 bats
  4 frilled lizards
  4 kobolds
  2 rats (D:1)
31 creatures vanquished.

Notes
Turn   | Place    | Note
-------+----------+-------------------------------------------
     0 | D:1      | DasRunzen the Demonspawn Gladiator began the quest for the
                  | Orb.
     0 | D:1      | Reached XP level 1. HP: 16/16 MP: 1/1
   195 | D:1      | Gained mutation: A weak demonic guardian rushes to your
                  | aid. [demonic ancestry]
   195 | D:1      | Reached XP level 2. HP: 13/22 MP: 2/2
  1030 | D:2      | Reached skill level 1 in Armour
  1038 | D:2      | Reached XP level 3. HP: 15/28 MP: 3/3
  1945 | D:3      | HP: 1/28 [orc/+0 flail (1)]
  1945 | D:3      | Mangled by an orc

Levels and vault maps discovered:
D:1:      minmay_arrival_four_circles, layout_basic, minmay_quantized
D:2:      layout_basic, first_ration
D:3:      minmay_chambers_of_twos, layout_rooms

Skill      XL: |  1  2 |
---------------+-------+-----
Long Blades    | 3 |  3.1
Armour         | 1 |  1.1
Dodging        | 3 |  3.1
Fighting       | |  2.5
Throwing       | |  1.7
Shields        | |  0.1

Action                   || total
-------------------------++-------
Melee: Long sword        ||   103
  Use: Scroll            ||     9
  Eat: Chunk             ||     2
Armor: Leather armour    ||    26
Dodge: Dodged            ||    56
Block: Kite shield       ||    12
       Rpst.: Long sword ||    19

Table legend:
 A = Non-vault XP
 B = Vault XP
 C = Vault XP percentage of total XP
 D = Non-vault monster count
 E = Vault monster count
 F = Vault count percentage of total count
                 A         B        C        D         E       F
            +---------+---------+-------+---------+---------+-------
      Total |      57 |       9 |  13.6 |      25 |       6 |  19.4
            +---------+---------+-------+---------+---------+-------
        D:1 |       8 |       9 |  52.9 |       6 |       6 |  50.0
        D:2 |      32 |       0 |   0.0 |      12 |       0 |   0.0
        D:3 |      17 |       0 |   0.0 |       7 |       0 |   0.0
            +---------+---------+-------+---------+---------+-------
